 Dungeon Crawl Stone Soup version 0.31-a0-744-gbc345e7fcb (webtiles) character file.

Game seed: 17167481176181841771

362 Dittersdorf the Covered (level 6, 0/40 HPs)
             Began as a Gargoyle Fighter on Sept 13, 2023.
             Slain by a goblin
             ... wielding a +0 club
             ... led by Robin
              (2 damage)
             ... on level 4 of the Dungeon.
             The game lasted 00:03:50 (2482 turns).

Dittersdorf the Covered (Gargoyle Fighter)          Turns: 2482, Time: 00:03:50

Health: 0/40       AC: 13    Str: 28    XL:     6   Next: 66%
Magic:  6/6        EV:  9    Int:  8    God:
Gold:   163        SH:  5    Dex:  9    Spells: 5/5 levels left

rFire   . . .        o - +1 morningstar (venom)
rCold   . . .        c - +1 buckler
rNeg    + . .        b - +0 scale mail
rPois   ∞            (no helmet)
rElec   +            (no cloak)
rCorr   .            (no gloves)
SInv    .            e - +1 pair of boots
Will    .....        (no amulet) Stlth
                     l - +6 ring of strength
HPRegen 0.26/turn    (no ring)
MPRegen 0.10/turn

%: no passive effects
@: mighty, weak-willed, hasted, slow
A: sickness immunity, AC +4, negative energy resistance 1, electricity
resistance, torment resistance 1, petrification resistance
a: no special abilities


You were on level 4 of the Dungeon.
You visited 1 branch of the dungeon, and saw 4 of its levels.

You collected 163 gold pieces.

Inventory:

Hand Weapons
 o - a +1 morningstar of venom (weapon)
Missiles
 p - 2 poisoned darts (quivered)
Armour
 a - a +0 plate armour
 b - a +0 scale mail (worn)
 c - a +1 buckler (worn)
 e - a +1 pair of boots (worn)
Jewellery
 l - a +6 ring of strength (left hand)
Scrolls
 f - a scroll of teleportation
 i - a scroll of identify
Potions
 d - a potion of might
 k - a potion of haste


   Skills:
 + Level 4.8 Fighting
 + Level 3.7 Maces & Flails
 + Level 4.9 Armour
 + Level 4.8 Shields


You had 5 spell levels left.
You didn't know any spells.
Your spell library contained the following spells:

 Spells                   Type           Power      Damage    Failure   Level
 Summon Small Mammal      Summ           0%         N/A       71%         1
 Lesser Beckoning         Tloc           0%         N/A       85%         2
 Call Canine Familiar     Summ           0%         N/A       97%         3
 Gell's Gravitas          Tloc           0%         N/A       97%         3
 Ignite Poison            Fire/Tmut/Pois 0%         N/A       97%         3
 Summon Guardian Golem    Hex/Summ       0%         N/A       97%         3
 Teleport Other           Tloc           0%         N/A       97%         3
 Freezing Cloud           Conj/Ice/Air   0%         6-21      100%        5
 Cigotuvi's Dreadful Rot  Necr/Pois/Air  Unusable   N/A       N/A         2

Dungeon Overview and Level Annotations

Branches:
Dungeon (4/15)
 Temple: D:4-7

Altars:
Trog

Shops:
D:1 ((!

Annotations:
D:4 Robin


Innate Abilities, Weirdness & Mutations

You are immune to sickness and miasma.
Your stone body is resilient. (AC +4)
You are immune to poison.
You resist negative energy. (rN+)
You are resistant to electric shocks. (rElec)
You are resistant to unholy torment.
You are immune to petrification.


Message History

You feel very mighty all of a sudden. You block the hobgoblin's attack.
The goblin hits you but does no damage. x2
The goblin closely misses you. The hobgoblin completely misses you.
You block the goblin's attack.
The goblin shoots a sling bullet.
You block the sling bullet.
You feel yourself speed up.
The hobgoblin hits you but does no damage.
You block the goblin's attack. The goblin hits you but does no damage.
The hobgoblin hits you but does no damage.
You block the goblin's attack. The goblin hits you with a +0 club.
* * * LOW HITPOINT WARNING * * *
Why would you want to do that? Why would you want to do that?
You puncture the hobgoblin!
You kill the hobgoblin!
You hear a splash. x2
The goblin hits you but does no damage. The goblin hits you with a +0 dagger.
* * * LOW HITPOINT WARNING * * *
The goblin hits you but does no damage. The goblin hits you with a +0 club.
* * * LOW HITPOINT WARNING * * *
The hobgoblin hits you but does no damage.
You puncture the hobgoblin!
You kill the hobgoblin!
You hear a splash. x2
You block the goblin's attack. The goblin closely misses you.
The hobgoblin hits you but does no damage.
You block the goblin's attack. The goblin hits you but does no damage.
You enter the shallow water.
Moving in this stuff is going to be slow.
Items here: ( [[ †.
The goblin unwields a +0 club.
The goblin wields a +0 sling.
The goblin shoots a sling bullet.
The sling bullet hits you but does no damage.
The goblin shoots a sling bullet.
The sling bullet barely misses you.
The goblin shoots a sling bullet.
The sling bullet barely misses you.
You enter the shallow water.
Moving in this stuff is going to be slow.
The goblin unwields a +0 sling.
The goblin wields a +0 club.
The goblin hits you with a +0 club.
You die...

#####
#######
##§gggK##
#g§ggg≈.#
#§@§g§gK#
#.§§g§g.#
##§§g§(##
###g###
.# .. ##


You could see 2 hobgoblins and 6 goblins.

Vanquished Creatures
  Edmund (D:4)
  An ogre (D:4)
  An orc wizard (D:3)
  5 gnolls
  2 adders (D:3)
  2 worms (D:3)
  A dart slug (D:3)
  4 orcs (D:3)
  8 bats
  2 endoplasms
  A giant cockroach (D:1)
  5 goblins
  7 hobgoblins
  7 jackals
  5 quokkas
  3 ball pythons
  4 frilled lizards
  10 kobolds
  3 rats (D:2)
72 creatures vanquished.

Vanquished Creatures (others)
  A goblin (D:4)
1 creature vanquished.

Grand Total: 73 creatures vanquished

Notes
Turn   | Place    | Note
-------+----------+-------------------------------------------
     0 | D:1      | Dittersdorf the Gargoyle Fighter began the quest for the
                  | Orb.
     0 | D:1      | Reached XP level 1. HP: 14/14 MP: 1/1
    91 | D:1      | Reached XP level 2. HP: 15/19 MP: 2/2
   195 | D:1      | Found Ubecerant's Antique Weapon Emporium.
   387 | D:1      | Found Gaolacw's Weapon Shop.
   417 | D:1      | Reached XP level 3. HP: 18/23 MP: 3/3
   497 | D:1      | Found Joepsups's Distillery.
  1517 | D:3      | Reached XP level 4. HP: 23/29 MP: 4/4
  1861 | D:3      | Reached XP level 5. HP: 33/33 MP: 5/5
  2426 | D:4      | Noticed an ogre
  2431 | D:4      | Noticed Edmund
  2436 | D:4      | Killed an ogre
  2437 | D:4      | Reached XP level 6. HP: 17/39 MP: 6/6
  2446 | D:4      | Killed Edmund
  2469 | D:4      | Found a bloodstained altar of Trog.
  2469 | D:4      | Noticed Robin
  2475 | D:4      | HP: 2/40 [goblin/+0 dagger[Robin] (1)]
  2482 | D:4      | Slain by a goblin

Illustrated notes

Levels and vault maps discovered:
D:1:      dpeg_arrival_rooms_b, layout_loops_ring, serial_shops,
          nicolae_shop_tiny_statue_garden, shop, shop
D:2:      layout_loops_ring
D:3:      layout_basic
D:4:      layout_rooms, trog_hazing_becter, enter_ossuary_4, uniq_edmund,
          uniq_natasha, uniq_robin

Skill      XL: |  1  2  3  4 |
---------------+-------------+-----
Armour         | 4 |  4.9
Fighting       | 4 |  4.8
Shields        | 4 |  4.8
Maces & Flails | 3 |  3.7

Action                     |  1- 3 |  4- 6 || total
---------------------------+-------+-------++-------
  Melee: Flail             |   121 |    96 ||   217
         Morningstar       |       |    25 ||    25
  Throw: Dart              |       |     7 ||     7
    Use: Scroll            |       |     7 ||     7
         Potion            |       |     2 ||     2
 Armour: Scale mail        |    97 |   106 ||   203
  Dodge: Dodged            |    69 |    52 ||   121
  Block: Buckler           |    43 |    36 ||    79

Table legend: (Time is in decaauts)
 A = Elapsed time spent in this place.
 B = Non-inter-level travel time spent in this place.
 C = Inter-level travel time spent in this place.
 D = Time resting spent in this place.
 E = Time spent auto-exploring this place.
 F = Levels seen in this place.
 G = Mean time per level.
                   A        B        C        D        E       F      G
               +--------+--------+--------+--------+--------+-----+--------+
         Total |   2550 |   2374 |    176 |     29 |   1790 |   4 |  637.5 |
       Dungeon |   2550 |   2374 |    176 |     29 |   1790 |   4 |  637.5 |
               +--------+--------+--------+--------+--------+-----+--------+

Top non-repeatable levels by time:
     D:3: 985 daAuts
     D:1: 831 daAuts
     D:2: 676 daAuts
     D:4: 57 daAuts
